 Dungeon Sprint DCSS version 0.28-a0-429-g1448048969 (webtiles) character file.

Game seed: 14118615965150219966

158675 dolemite99 the Slingshot (level 17, 0/196 HPs)
             Began as a Deep Dwarf Artificer on Sept 11, 2021.
             Was the Champion of Makhleb.
             Slain by a death scarab (14 damage)
             ... summoned by a royal mummy
             ... in the Dungeon (Sprint V: "Ziggurat Sprint").
             The game lasted 00:34:37 (4200 turns).

dolemite99 the Slingshot (Deep Dwarf Artificer)     Turns: 4200, Time: 00:34:38

Health: 0/196      AC: 37    Str: 27    XL:     17   Next: 14%
Magic:  17/22      EV:  2    Int: 16    God:    Makhleb [******]
Gold:   0          SH: 32    Dex: 19    Spells: 48/48 levels left

rFire   + . .      SeeInvis +   b - +6 fustibalus (vorpal)
rCold   + . .      Faith    +   H - +18 shield of the Gong {rElec rN+ Will+ EV-5}
rNeg    + + +      Spirit   .   P - +5 gold dragon scales
rPois   +          Reflect  .   S - +2 helmet {Int+3}
rElec   +          Harm     .   R - +2 cloak {rPois}
rCorr   +          Rampage  +   y - +0 pair of gloves of Ethics {rN+ Dex+2}
Will    +++..      NoTele   +   J - +0 pair of boots {rampage}
Stlth   ..........              X - amulet of Dugot Kiror {Faith Fly Str-3 Dex+4}
HPRegen 0.00/turn               E - +6 ring of strength
MPRegen 0.18/turn               g - ring "Rar Osaj" {rCorr Str+2 SInv}

@: flying, slowed, studying 4 skills, very slow
A: damage resistance, heal wounds, negative energy resistance 1, sense
surroundings 2, no regeneration
a: Heal Wounds, Renounce Religion, Minor Destruction, Lesser Servant of Makhleb,
Major Destruction, Greater Servant of Makhleb


You were in the Dungeon.
You worshipped Makhleb.
Makhleb was exalted by your worship.
You visited 1 branch

Inventory:

Hand Weapons
 a - a +5 demon whip of flaming
 b - a +6 vorpal fustibalus (weapon)
 G - the +14 obsidian axe {vorpal, Mesm Drain Fly SInv}
   (You found it in the Dungeon)

   It inflicts extra damage upon your enemies.
   It occasionally summons demons to assist the wielder when it strikes in
   combat.
   Its wielder is mesmerised by any visible foes.
   It cannot be unequipped while any foes are visible.
   SInv:      It lets you see invisible.
   Fly:       It grants you flight.
   Drain:     It drains your maximum health when unequipped.
 I - the +6 Majin-Bo {vamp, MP+6 Int+6}
   (You found it in the Dungeon)

   It occasionally heals its wielder for a portion of the damage dealt when they
   wound a living foe with it or with a spell.
   Its wielder's spells cost health as well as magical power.
   Int:       It affects your intelligence (+6).
   MP:        It affects your magic capacity (+6).
 K - the +8 lance "Wyrmbane" {slay drac, rPois rF+ rC+ AC+3}
   (You found it in the Dungeon)

   It inflicts extra damage against dragons and draconians.
   AC:        It affects your AC (+3).
   rF:        It protects you from fire.
   rC:        It protects you from cold.
   rPois:     It protects you from poison.
 M - a +5 broad axe
Missiles
 k - a throwing net
 Y - 1000 bolts
 Z - 983 sling bullets (quivered ammo)
Armour
 y - the +0 pair of gloves of Ethics (worn) {rN+ Dex+2}
   (You found it in the Dungeon)

   Dex:       It affects your dexterity (+2).
   rN:        It protects you from negative energy.
 H - the +18 shield of the Gong (worn) {rElec rN+ Will+ EV-5}
   (You found it in the Dungeon)

   It is deafeningly noisy when blocking attacks.
   EV:        It affects your evasion (-5).
   rElec:     It insulates you from electricity.
   rN:        It protects you from negative energy.
   Will:      It increases your willpower.
 J - a +0 pair of boots of rampaging (worn)
 P - +5 gold dragon scales (worn)
 R - a +2 cloak of poison resistance (worn)
 S - a +2 helmet of intelligence (worn)
Jewellery
 g - the ring "Rar Osaj" (right hand) {rCorr Str+2 SInv}
   (You found it in the Dungeon)

   [ring of see invisible]

   Str:       It affects your strength (+2).
   SInv:      It lets you see invisible.
   rCorr:     It protects you from acid and corrosion.
 m - the ring "Myurch" {Fly rElec MP-9 Int+3 SInv}
   (You found it in the Dungeon)

   [ring of flight]

   Int:       It affects your intelligence (+3).
   rElec:     It insulates you from electricity.
   MP:        It affects your magic capacity (-9).
   SInv:      It lets you see invisible.
   Fly:       It grants you flight.
 u - the ring "Yrent" {rPois Int+3 Slay+4}
   (You found it in the Dungeon)

   [ring of slaying]

   Int:       It affects your intelligence (+3).
   Slay:      It affects your accuracy & damage with ranged weapons and melee
   (+4).
   rPois:     It protects you from poison.
 z - an amulet of guardian spirit
 A - the ring "Toddien" {Wiz rPois rC++ MP+9 Str-5}
   (You found it in the Dungeon)

   [ring of wizardry]

   It improves your spell success rate.
   Str:       It affects your strength (-5).
   rC:        It greatly protects you from cold.
   rPois:     It protects you from poison.
   MP:        It affects your magic capacity (+9).
 C - the ring "Qioz" {rF- rN+ Str+4 Slay+3}
   (You took it off a frost giant in the Dungeon)

   [ring of positive energy]

   Str:       It affects your strength (+4).
   Slay:      It affects your accuracy & damage with ranged weapons and melee
   (+3).
   rF:        It makes you vulnerable to fire.
   rN:        It protects you from negative energy.
 D - a +6 ring of strength
 E - a +6 ring of strength (left hand)
 L - a ring of wizardry
 Q - an amulet of reflection
 T - a ring of poison resistance
 V - a +4 ring of evasion
 W - a ring of protection from fire
 X - the amulet of Dugot Kiror (around neck) {Faith Fly Str-3 Dex+4}
   (You took it off a merfolk impaler in the Dungeon)

   [amulet of faith]

   It allows you to gain divine favour quickly.
   Str:       It affects your strength (-3).
   Dex:       It affects your dexterity (+4).
   Fly:       It grants you flight.
Wands
 c - a wand of flame (15)
 d - a wand of charming (13)
 v - a wand of mindburst (7)
Scrolls
 q - 4 scrolls of amnesia
 r - 4 scrolls of fog
 t - 5 scrolls of identify {@r1}
Potions
 f - 10 potions of curing
 h - 10 potions of haste
 i - 7 potions of magic
 j - 3 potions of berserk rage
 l - 2 potions of brilliance
 n - 3 potions of resistance
 p - 5 potions of might
Miscellaneous
 e - a piece from Xom's chessboard (15/15)
 o - a phial of floods
 w - a tin of tremorstones (1/2)
 x - a box of beasts
 F - a lightning rod (4/4)
 N - a condenser vane
 O - a phantom mirror


   Skills:
 - Level 23.4 Fighting
 - Level 16.0 Maces & Flails
 - Level 26.7 Slings
 - Level 17.1 Armour
 - Level 1.1 Dodging
 - Level 1.2 Stealth
 - Level 14.6 Shields
 + Level 16.3 Spellcasting
 - Level 18.8 Invocations
 - Level 22.3 Evocations


You had 48 spell levels left.
You didn't know any spells.
Your spell library contained the following spells:

 Spells                   Type           Power      Damage    Failure   Level
 Animate Skeleton         Necr           26%        N/A       65%         1
 Apportation              Tloc           26%        N/A       65%         1
 Beastly Appendage        Tmut           26%        N/A       65%         1
 Freeze                   Ice            52%        1d7       65%         1
 Sandblast                Erth           26%        2d8       65%         1
 Sting                    Tmut/Pois      52%        1d5       65%         1
 Summon Small Mammal      Summ           52%        N/A       65%         1
 Blink                    Tloc           N/A        N/A       78%         2
 Static Discharge         Conj/Air       13%        N/A       78%         2
 Sublimation of Blood     Necr           6%         N/A       78%         2
 Wereblood                Tmut           13%        N/A       78%         2
 Confusing Touch          Hex            13%        N/A       95%         3
 Conjure Flame            Conj/Fire      13%        6-21      95%         3
 Dazzling Flash           Conj/Hex       26%        N/A       95%         3
 Frozen Ramparts          Ice            26%        1d4       95%         3
 Ignite Poison            Fire/Tmut/Pois 13%        N/A       95%         3
 Inner Flame              Hex/Fire       13%        N/A       95%         3
 Lesser Beckoning         Tloc           13%        N/A       95%         3
 Mephitic Cloud           Conj/Pois/Air  13%        N/A       95%         3
 Spider Form              Tmut/Pois      6%         N/A       95%         3
 Summon Guardian Golem    Hex/Summ       13%        N/A       95%         3
 Teleport Other           Tloc           13%        N/A       95%         3
 Tukima's Dance           Hex            13%        N/A       95%         3
 Animate Dead             Necr           6%         N/A       100%        4
 Cause Fear               Hex            6%         N/A       100%        4
 Dispel Undead            Necr           13%        3d9       100%        4
 Flame Wave               Conj/Fire      13%        3d5       100%        4
 Fulminant Prism          Conj/Hex       6%         3d7       100%        4
 Ice Form                 Ice/Tmut       13%        N/A       100%        4
 Iskenderun's Mystic Bla  Conj/Tloc      13%        2d5       100%        4
 Leda's Liquefaction      Hex/Erth       6%         N/A       100%        4
 Passage of Golubria      Tloc           N/A        N/A       100%        4
 Petrify                  Tmut/Erth      13%        N/A       100%        4
 Sticky Flame             Conj/Fire      13%        2d4       100%        4
 Summon Ice Beast         Ice/Summ       13%        N/A       100%        4
 Fireball                 Conj/Fire      6%         3d5       100%        5
 Irradiate                Conj/Tmut      6%         3d15      100%        5
 Lee's Rapid Deconstruct  Erth           6%         3d7*      100%        5
 Manifold Assault         Tloc           13%        N/A       100%        5
 Silence                  Hex/Air        6%         N/A       100%        5
 Summon Mana Viper        Hex/Summ       13%        N/A       100%        5
 Yara's Violent Unravell  Hex/Tmut       6%         3d5       100%        5
 Death Channel            Necr           6%         N/A       100%        6
 Dispersal                Tloc           6%         N/A       100%        6
 Starburst                Conj/Fire      6%         6d4       100%        6
 Haunt                    Necr/Summ      6%         N/A       100%        7
 Monstrous Menagerie      Summ           6%         N/A       100%        7
 Summon Hydra             Summ           6%         N/A       100%        7
 Borgnjor's Revivificati  Necr           6%         N/A       100%        8
 Discord                  Hex            6%         N/A       100%        8
 Disjunction              Tloc           6%         N/A       100%        8
 Infestation              Necr           6%         N/A       100%        8
 Lehudib's Crystal Spear  Conj/Erth      6%         10d3      100%        8
 Necromutation            Tmut/Necr      6%         N/A       100%        8
 Death's Door             Necr           6%         N/A       100%        9
 Dragon's Call            Summ           6%         N/A       100%        9
 Shatter                  Erth           6%         3d9*      100%        9


Dungeon Overview and Level Annotations

Branches:
Dungeon (1/1)

Altars:
Ashenzari
Cheibriados
Dithmenos
Elyvilon
Fedhas
Gozag
Hepliaklqana
Kikubaaqudgha
Makhleb
Nemelex Xobeh
Okawaru
Qazlal
Ru
Sif Muna
Trog
Uskayaw
Vehumet
Wu Jian
Xom
Yredelemnul
Zin
The Shining One
Beogh
Jiyva
Lugonu


Innate Abilities, Weirdness & Mutations

You are resistant to damage.
You can heal yourself by infusing magical energy.
You resist negative energy. (rN+)
You passively map the area around you.
You do not regenerate.


Message History

The burst of rock shards engulfs the royal mummy!
You destroy the royal mummy!
Makhleb accepts your kill.
You feel better.
The death scarab disappears in a puff of smoke! x3
The burst of rock shards engulfs the mummy priest but does no damage.
The burst of rock shards engulfs the death scarab! x2
You destroy the death scarab!
The death scarab's corpse disappears in a puff of smoke!
The burst of rock shards engulfs the death scarab! x2
The burst of rock shards engulfs the royal mummy.
The burst of rock shards engulfs the death scarab!
You destroy the death scarab!
The death scarab's corpse disappears in a puff of smoke!
The burst of rock shards engulfs the smoke demon!
The burst of rock shards engulfs the death scarab.
The burst of rock shards engulfs the death scarab!
You destroy the death scarab!
The death scarab's corpse disappears in a puff of smoke!
The burst of rock shards engulfs the death scarab.
The burst of rock shards engulfs the orange demon!
The burst of rock shards engulfs the death scarab but does no damage.
The burst of rock shards engulfs the death scarab!
You destroy the death scarab!
The death scarab's corpse disappears in a puff of smoke!
The burst of rock shards engulfs the royal mummy.
You feel extremely nervous for a moment...
Pain shoots through your body. You block the death scarab's attack.
GONNNNG!
You block the death scarab's attack.
GONNNNG!
The death scarab bites you but does no damage.
The flying skull hits you but does no damage.
You block the orange demon's attack.
BONNNG!
The emperor scorpion stings you but does no damage.
The emperor scorpion claws you but does no damage. x2
The royal mummy hits you but does no damage.
The death scarab bites you!
You die...

, ......M..▓ , , ,
.......M......▓ ,, ,
,, ,, ..............▓
, , ,, *
........).....▓,, ,,,,
* ......=..).....▓ , ,
, .....)B).."...M▓ , ,
, * .....4.s)..§Ms▓ ,
, , ,. ▓..§§BMM▓§s≈≈▓,
, , *,..
▓▓(§§M@▓▓▓s≈≈▓ *
...▓..§3Bsz▓≈B≈≈▓,,,,
,
,.........B..§≈○≈▓,,,,
,...........§§§§.▓
.......©........▓ , ,
*▓▓▓▓▓▓▓▓▓▓▓▓▓▓▓▓▓ * *


You could see 2 royal mummies, 2 emperor scorpions, a mummy priest, an orange
demon (summoned), a smoke demon (summoned), 4 death scarabs, a flying skull and
a mummy.

Vanquished Creatures
  4 royal mummies (D)
  2 bone dragons (D)
  A doom hound (D)
  11 titans (D)
  8 fire giants (D)
  A balrug (D)
  An orc warlord (D)
  9 frost giants (D)
  3 ghost moths (D)
  2 putrid mouths (D)
  An entropy weaver (D)
  11 stone giants (D)
  A black draconian (D)
  3 spark wasps (D)
  5 mummy priests (D)
  A merfolk impaler (D)
  6 ettins (D)
  A boulder beetle (D)
  A merfolk avatar (D)
  3 merfolk aquamancers (D)
  2 death scarabs (D)
  4 soul eaters (D)
  2 harpies (D)
  A deep elf zephyrmancer (D)
  2 necromancers (D)
  An orc knight (D)
  2 orb spiders (D)
  13 cyclopes (D)
  A deep elf pyromancer (D)
  5 draconians (D)
  9 wolf spiders (D)
  A merfolk siren (D)
  A torpor snail (D)
  A hellion (D)
  2 demonic crawlers (D)
  A freezing wraith (D)
  7 guardian mummies (D)
  7 jumping spiders (D)
  7 merfolk (D)
  7 hornets (D)
  A snapping turtle (D)
  4 tarantellas (D)
  3 flying skulls (D)
  5 ushabtiu (D)
  7 redbacks (D)
  An air elemental (D)
  A water elemental (D)
  A warg (D)
  2 nagas (D)
  2 hell hounds (D)
  3 orc warriors (D)
  A black bear (shapeshifter) (D)
  A wolf (D)
  A necrophage (D)
  3 scorpions (D)
  3 wights (D)
  3 crimson imps (D)
  3 quasits (D)
  An orc priest (D)
  2 orc wizards (D)
  11 mummies (D)
  3 adders (D)
  2 river rats (D)
  A shadow imp (D)
  A white imp (D)
  An ufetubus (D)
  2 adder skeletons (D)
  An adder zombie (D)
  4 adder simulacra (D)
  2 bat skeletons (D)
  A bat zombie (D)
  2 ball pythons (D)
  4 ball python simulacra (D)
  4 ball python skeletons (D)
  2 ball python zombies (D)
  2 giant cockroach simulacra (D)
  4 giant cockroach zombies (D)
  2 jackal skeletons (D)
  2 quokka simulacra (D)
  3 quokka skeletons (D)
  A quokka zombie (D)
  A spectral ball python (D)
255 creatures vanquished.

Vanquished Creatures (collateral kills)
  A royal mummy (D)
  A bone dragon (D)
  2 titans (D)
  A nargun (D)
  3 frost giants (D)
  A ghost moth (D)
  2 merfolk impalers (D)
  2 vampire magi (D)
  6 soul eaters (D)
  A sea snake (D)
  A deep elf zephyrmancer (D)
  2 necromancers (D)
  4 wolf spiders (D)
  An orb spider (D)
  A manticore (D)
  A tormentor (D)
  2 demonic crawlers (D)
  2 trolls (D)
  A jumping spider (D)
  5 hornets (D)
  4 shadows (D)
  A redback (D)
  A vampire (D)
  2 orc warriors (D)
  An ogre (D)
  A necrophage (D)
  3 wights (D)
  An adder skeleton (D)
  3 adder zombies (D)
  An adder simulacrum (D)
  A bat skeleton (D)
  A bat zombie (D)
  2 ball python skeletons (D)
  2 ball python zombies (D)
  2 quokka zombies (D)
  A spectral ball python (D)
67 creatures vanquished.

Vanquished Creatures (others)
  A frost giant (D)
  A deep elf knight (D)
  A redback (D)
  A warg (D)
4 creatures vanquished.

Grand Total: 326 creatures vanquished

Notes
Turn   | Place    | Note
-------+----------+-------------------------------------------
     0 | D        | dolemite99 the Deep Dwarf Artificer began the quest for the
                  | Orb.
     0 | D        | Reached XP level 1. HP: 16/16 MP: 1/1
     0 | D        | Found a shimmering blue altar of Sif Muna.
     0 | D        | Found a sacrificial altar of Ru.
     0 | D        | Found a bloodstained altar of Trog.
     0 | D        | Found a stormy altar of Qazlal.
     0 | D        | Found an iron altar of Okawaru.
     0 | D        | Found a sparkling altar of Nemelex Xobeh.
     0 | D        | Found a blossoming altar of Fedhas.
     0 | D        | Found the +6 Majin-Bo {vamp, MP+6 Int+6}
     0 | D        | Found the +9 heavy crossbow "Sniper" {vorpal, Acc+∞ SInv}
     0 | D        | Found the +10 dark maul {vorpal}
     0 | D        | Found the +15 Maxwell's patent armour {-Cast -Tele rElec
                  | Will+ rCorr}
     0 | D        | Found the +18 shield of the Gong {rElec rN+ Will+ EV-5}
     0 | D        | Found the +14 obsidian axe {vorpal, Mesm Drain Fly SInv}
     0 | D        | Found the +7 great mace "Firestarter" {inner flame, rF++}
     0 | D        | Found the +6 shillelagh "Devastator" {shatter}
     0 | D        | Found the +11 plutonium sword {Contam Stlth-}
     0 | D        | Found the +8 lance "Wyrmbane" {slay drac, rPois rF+ rC+
                  | AC+3}
     0 | D        | Found the +9 sword of Zonguldrok {reap}
     0 | D        | Found the +13 scythe of Curses {drain, Drain}
     0 | D        | Found the +5 sword of Power {vorpal}
     0 | D        | Found the +7 mace of Variability {chain chaos}
     0 | D        | Found the +7 Singing Sword {vorpal, sonic wave}
     0 | D        | Found the +8 storm bow {elec, penet}
     2 | D        | Found a transporter.
     2 | D        | Found an ancient bone altar of Kikubaaqudgha.
     2 | D        | Found a viscous altar of Jiyva.
     2 | D        | Found a corrupted altar of Lugonu.
     2 | D        | Found a hazy altar of Hepliaklqana.
     2 | D        | Found a burning altar of Makhleb.
     2 | D        | Found an opulent altar of Gozag.
    30 | D        | Became a worshipper of Makhleb the Destroyer
    68 | D        | Entered arena 2.
    68 | D        | Noticed a naga
    68 | D        | Found a transporter.
    70 | D        | Killed a naga
    71 | D        | Reached XP level 2. HP: 24/24 MP: 2/2
    71 | D        | Reached XP level 3. HP: 30/30 MP: 3/3
    71 | D        | Reached XP level 4. HP: 37/37 MP: 4/4
   121 | D        | Entered arena 3.
   121 | D        | Noticed a wolf
   121 | D        | Found a transporter.
   122 | D        | Reached * piety under Makhleb
   123 | D        | Reached skill level 1 in Fighting
   128 | D        | Killed a wolf
   129 | D        | Reached skill level 5 in Armour
   129 | D        | Reached XP level 5. HP: 51/51 MP: 5/5
   331 | D        | Entered arena 4.
   331 | D        | Noticed a balrug
   331 | D        | Found a transporter.
   332 | D        | Reached ** piety under Makhleb
   333 | D        | Reached skill level 5 in Fighting
   335 | D        | Killed a balrug
   336 | D        | Reached skill level 10 in Fighting
   336 | D        | Reached XP level 6. HP: 60/73 MP: 6/6
   336 | D        | Reached XP level 7. HP: 65/80 MP: 7/7
   336 | D        | Reached XP level 8. HP: 72/88 MP: 8/8
   341 | D        | Got the Reference Book on Creation
   489 | D        | Entered arena 5.
   489 | D        | Noticed a merfolk
   489 | D        | Noticed a merfolk
   489 | D        | Noticed a merfolk
   489 | D        | Noticed a merfolk
   489 | D        | Found a transporter.
   493 | D        | Killed a merfolk
   493 | D        | Reached *** piety under Makhleb
   493 | D        | Killed a merfolk
   494 | D        | Killed a merfolk
   494 | D        | Killed a merfolk
   495 | D        | Gained mutation: You passively map the area around you.
                  | [Deep Dwarf growth]
   495 | D        | Reached XP level 9. HP: 94/94 MP: 9/9
   506 | D        | Got Kikubaaqudgha's Incunabulum of Evil Rituals
   511 | D        | Entered arena 6.
   511 | D        | Found a transporter.
   512 | D        | Reached **** piety under Makhleb
   524 | D        | Got the Incunabulum of the Icy Oath
   528 | D        | Got the +9 rapier of the Empty Page {flame, Int+7}
   530 | D        | Entered arena 7.
   530 | D        | Noticed a cane toad
   530 | D        | Noticed a deep elf knight
   530 | D        | Noticed a deep elf zephyrmancer
   530 | D        | Noticed a deep elf zephyrmancer
   530 | D        | Noticed a deep elf pyromancer
   532 | D        | a cane toad changed into a black bear
   535 | D        | Killed a deep elf zephyrmancer
   535 | D        | Killed a deep elf knight
   538 | D        | Reached ***** piety under Makhleb
   538 | D        | Killed a deep elf zephyrmancer
   539 | D        | Killed a deep elf pyromancer
   540 | D        | Reached XP level 10. HP: 72/103 MP: 13/19
   542 | D        | Found a transporter.
   735 | D        | Entered arena 8.
   735 | D        | Noticed a draconian
   735 | D        | Noticed a draconian
   735 | D        | Noticed a draconian
   735 | D        | Noticed a black draconian
   735 | D        | Noticed a draconian
   735 | D        | Noticed a draconian
   737 | D        | Reached skill level 5 in Maces & Flails
   737 | D        | Reached XP level 11. HP: 93/110 MP: 21/21
   746 | D        | Killed a black draconian
   747 | D        | Found a transporter.
   930 | D        | Entered arena 9.
   932 | D        | Reached ****** piety under Makhleb
   933 | D        | Reached skill level 10 in Shields
   934 | D        | Found a transporter.
   952 | D        | Entered arena 10.
   952 | D        | Noticed Gubuij the pandemonium lord
   952 | D        | Noticed Pibyxzes the pandemonium lord
   955 | D        | Found a transporter.
   957 | D        | Entered arena 11.
   963 | D        | Found a transporter.
  1012 | D        | Entered arena 12.
  1012 | D        | Found the +7 pair of quick blades "Gyre" and "Gimble"
                  | {protect}
  1012 | D        | Noticed a ghoul
  1012 | D        | Noticed a vampire mage
  1012 | D        | Noticed an ancient lich
  1012 | D        | Noticed a vampire mage
  1013 | D        | Noticed a vampire knight
  1014 | D        | Noticed a necromancer
  1019 | D        | Found a transporter.
  1021 | D        | Entered arena 13.
  1021 | D        | Noticed a soul eater
  1024 | D        | Noticed a soul eater
  1025 | D        | Noticed a soul eater
  1026 | D        | Noticed a cacodemon
  1031 | D        | Killed a soul eater
  1037 | D        | Killed a soul eater
  1041 | D        | Found a transporter.
  1042 | D        | Killed a soul eater
  1051 | D        | Got the Almanac of Enchantment and Contamination
  1154 | D        | Got Kiucsom's Compendium of Igneous Changing
  1190 | D        | Entered arena 14.
  1195 | D        | Noticed a necromancer
  1195 | D        | Noticed a necromancer
  1195 | D        | Found the +6 arbalest "Damnation" {damnation}
  1197 | D        | Noticed a necromancer
  1198 | D        | Killed a necromancer
  1199 | D        | Killed a necromancer
  1200 | D        | Reached skill level 15 in Invocations
  1200 | D        | Killed a necromancer
  1218 | D        | Found a transporter.
  1221 | D        | Reached XP level 12. HP: 117/122 MP: 24/24
  1260 | D        | Entered arena 15.
  1368 | D        | Noticed a vampire mage
  1368 | D        | Noticed a vampire mage
  1369 | D        | Found a transporter.
  1388 | D        | Killed a vampire mage
  1390 | D        | Killed a vampire mage
  1425 | D        | Entered arena 16.
  1427 | D        | Noticed an iron golem
  1427 | D        | Noticed an iron golem
  1427 | D        | Noticed an iron dragon
  1427 | D        | Noticed a crystal guardian
  1427 | D        | Noticed a quicksilver dragon
  1427 | D        | Noticed a quicksilver dragon
  1427 | D        | Noticed a crystal guardian
  1427 | D        | Noticed a stone giant
  1427 | D        | Noticed a crystal guardian
  1428 | D        | Noticed a stone giant
  1428 | D        | Noticed a crystal guardian
  1434 | D        | Found a transporter.
  1437 | D        | Entered arena 17.
  1545 | D        | Noticed an orc warlord
  1570 | D        | Killed an orc warlord
  1573 | D        | Found a transporter.
  1634 | D        | Entered arena 18.
  1742 | D        | Noticed a merfolk aquamancer
  1742 | D        | Noticed a merfolk impaler
  1742 | D        | Noticed a merfolk avatar
  1742 | D        | Noticed a merfolk impaler
  1749 | D        | Identified the amulet of Dugot Kiror {Faith Fly Str-3
                  | Dex+4}
  1749 | D        | Noticed a merfolk impaler
  1753 | D        | Killed a merfolk aquamancer
  1753 | D        | Killed a merfolk impaler
  1758 | D        | Killed a merfolk impaler
  1760 | D        | Identified the +6 war axe of Ragnarok {vorpal, rC++ rN+
                  | MP+9 Stlth+}
  1760 | D        | Identified the +6 morningstar "Comeorch" {drain, Fragile
                  | rPois rC+}
  1760 | D        | Noticed a merfolk aquamancer
  1765 | D        | Killed a merfolk aquamancer
  1765 | D        | Killed a merfolk avatar
  1765 | D        | Killed a merfolk impaler
  1766 | D        | Reached skill level 15 in Fighting
  1766 | D        | Reached XP level 13. HP: 133/140 MP: 25/25
  1968 | D        | Found a transporter.
  1980 | D        | Got the Disquisition on Bewitchment and the Entourage
  2011 | D        | Entered arena 19.
  2017 | D        | Found the +5 scythe "Finisher" {speed, eviscerate}
  2030 | D        | Reached skill level 15 in Armour
  2034 | D        | Killed a ghost moth
  2049 | D        | Found a transporter.
  2429 | D        | Entered arena 20.
  2442 | D        | Noticed a frost giant
  2442 | D        | Noticed a frost giant
  2442 | D        | Noticed a titan
  2442 | D        | Noticed a nargun
  2443 | D        | Noticed a frost giant
  2444 | D        | Noticed a frost giant
  2447 | D        | Reached skill level 2 in Slings
  2447 | D        | Killed a frost giant
  2448 | D        | Reached skill level 4 in Slings
  2449 | D        | Reached skill level 5 in Slings
  2449 | D        | Killed a frost giant
  2449 | D        | Killed a frost giant
  2450 | D        | Reached skill level 8 in Slings
  2450 | D        | Killed a titan
  2450 | D        | Killed a frost giant
  2451 | D        | Reached skill level 10 in Slings
  2455 | D        | Killed a nargun
  2456 | D        | Reached skill level 11 in Slings
  2500 | D        | Found a transporter.
  2508 | D        | Got the Volume of Damaging Creation
  2557 | D        | Entered arena 21.
  2564 | D        | Noticed a stone giant
  2564 | D        | Noticed a titan
  2564 | D        | Noticed a frost giant
  2564 | D        | Noticed a titan
  2564 | D        | Noticed an ettin
  2564 | D        | Noticed a titan
  2565 | D        | Noticed a stone giant
  2565 | D        | Noticed a fire giant
  2566 | D        | Identified the +6 flail "Eciusiley" {protect, Will+}
  2566 | D        | Noticed a frost giant
  2566 | D        | Noticed a fire giant
  2566 | D        | Noticed a fire giant
  2567 | D        | Noticed a titan
  2567 | D        | Noticed a stone giant
  2567 | D        | Identified the ring "Kureum" {Fire Str+4 Slay+2}
  2567 | D        | Noticed a fire giant
  2567 | D        | Noticed a stone giant
  2568 | D        | Noticed a frost giant
  2568 | D        | Noticed a frost giant
  2568 | D        | Noticed a frost giant
  2569 | D        | Noticed a fire giant
  2574 | D        | Killed a stone giant
  2576 | D        | Killed an ettin
  2580 | D        | Noticed an ettin
  2588 | D        | Killed a stone giant
  2594 | D        | Killed a fire giant
  2594 | D        | Killed a titan
  2594 | D        | Killed a fire giant
  2595 | D        | Gained mutation: You resist negative energy. (rN+) [Deep
                  | Dwarf growth]
  2595 | D        | Reached XP level 14. HP: 120/159 MP: 20/20
  2595 | D        | Killed a titan
  2597 | D        | Killed a titan
  2597 | D        | Killed a frost giant
  2598 | D        | Killed a titan
  2600 | D        | Killed a frost giant
  2603 | D        | Killed a fire giant
  2603 | D        | Killed a fire giant
  2604 | D        | Killed a stone giant
  2605 | D        | Killed a fire giant
  2605 | D        | Killed a stone giant
  2612 | D        | Killed a frost giant
  2613 | D        | Killed a frost giant
  2615 | D        | Killed a frost giant
  2817 | D        | Found the +7 lajatang of Order {silver, rMut}
  2821 | D        | Found a transporter.
  2842 | D        | Got Potigeg's Reference Book on Blistering Translocation
  2862 | D        | Entered arena 22.
  2871 | D        | Noticed a bone dragon
  2872 | D        | Noticed a bone dragon
  2874 | D        | Noticed a doom hound
  2875 | D        | Noticed a bone dragon
  2882 | D        | Killed a doom hound
  2883 | D        | Reached skill level 15 in Evocations
  2889 | D        | Reached XP level 15. HP: 163/180 MP: 17/17
  2893 | D        | Killed a bone dragon
  2896 | D        | Killed a bone dragon
  2904 | D        | Killed a bone dragon
  3233 | D        | Found the +10 morningstar "Eos" {elec, Halo rElec}
  3234 | D        | Found a transporter.
  3260 | D        | Acquired the +8 eveningstar "Janoes" {flame, rCorr}
  3281 | D        | Got the ring "Yrent" {rPois Int+3 Slay+4}
  3291 | D        | Got the ring "Toddien" {Wiz rPois rC++ MP+9 Str-5}
  3310 | D        | Got the ring "Tiruas" {Fire Dex+2}
  3315 | D        | Entered arena 23.
  3329 | D        | Noticed a titan
  3329 | D        | Noticed a titan
  3329 | D        | Noticed a titan
  3329 | D        | Noticed a fire giant
  3329 | D        | Noticed a fire giant
  3329 | D        | Noticed a titan
  3329 | D        | Noticed a titan
  3329 | D        | Noticed a fire giant
  3329 | D        | Noticed a frost giant
  3330 | D        | Noticed a frost giant
  3333 | D        | Noticed a frost giant
  3336 | D        | Killed a titan
  3337 | D        | Reached skill level 12 in Slings
  3338 | D        | Noticed a titan
  3338 | D        | Noticed a titan
  3340 | D        | Noticed a titan
  3342 | D        | Identified the ring "Qioz" {rF- rN+ Str+4 Slay+3}
  3342 | D        | Noticed a frost giant
  3343 | D        | Killed a titan
  3344 | D        | Reached skill level 13 in Slings
  3347 | D        | Killed a titan
  3348 | D        | Reached skill level 14 in Slings
  3348 | D        | Killed a titan
  3349 | D        | Reached skill level 15 in Maces & Flails
  3349 | D        | Reached skill level 15 in Slings
  3349 | D        | Killed a frost giant
  3349 | D        | Killed a fire giant
  3349 | D        | Killed a titan
  3349 | D        | Killed a titan
  3350 | D        | Reached skill level 19 in Slings
  3350 | D        | Killed a frost giant
  3350 | D        | Killed a frost giant
  3351 | D        | Reached skill level 20 in Slings
  3351 | D        | Reached XP level 16. HP: 188/188 MP: 17/17
  3353 | D        | Killed a titan
  3354 | D        | Reached skill level 21 in Slings
  3357 | D        | Reached skill level 22 in Slings
  3363 | D        | Killed a titan
  3364 | D        | Reached skill level 23 in Slings
  3552 | D        | Found a transporter.
  3574 | D        | Got the ring "Rar Osaj" {rCorr Str+2 SInv}
  3603 | D        | Got Utenad's Tome of Lightness and Displacement
  3611 | D        | Got Lee's Incunabulum of Clay
  3614 | D        | Entered arena 24.
  3626 | D        | Reached skill level 25 in Slings
  3629 | D        | Reached skill level 26 in Slings
  4091 | D        | Found a transporter.
  4101 | D        | Got the ring "Myurch" {Fly rElec MP-9 Int+3 SInv}
  4111 | D        | Got the +0 pair of gloves of Ethics {rN+ Dex+2}
  4157 | D        | Entered arena 25.
  4169 | D        | Noticed a royal mummy
  4169 | D        | Noticed a royal mummy
  4180 | D        | Killed a royal mummy
  4187 | D        | Noticed a royal mummy
  4187 | D        | Noticed a royal mummy
  4187 | D        | Noticed a royal mummy
  4187 | D        | Noticed a royal mummy
  4187 | D        | Identified the amulet "Bumy" {RegenMP rPois rC+ rCorr}
  4187 | D        | Noticed a royal mummy
  4188 | D        | Identified the +6 dagger of Adaepn {freeze, rPois rF+ rC++
                  | Stlth-}
  4191 | D        | Identified the +7 glaive of Oghos {vamp, rF++ Will- Dex+10
                  | Stlth+}
  4192 | D        | Reached skill level 10 in Spellcasting
  4192 | D        | Killed a royal mummy
  4194 | D        | Killed a royal mummy
  4194 | D        | HP: 8/188 [emperor scorpion[a royal mummy] (3)]
  4195 | D        | Reached skill level 15 in Spellcasting
  4195 | D        | Reached XP level 17. HP: 9/196 MP: 15/22
  4195 | D        | Killed a royal mummy
  4195 | D        | HP: 1/196 [something (8)]
  4200 | D        | Killed a royal mummy
  4200 | D        | Slain by a death scarab

Illustrated notes

Levels and vault maps discovered:
D:        sprint_v [room_start, room_1, room_2, room_3, room_4, room_5, room_6,
          room_7, room_8, room_9, room_10, room_11, room_12, room_13, room_14,
          room_15, room_16, room_17, room_18, room_19, room_20, room_21,
          room_22, room_23, room_24, room_25, room_26, room_27]

Skill      XL: |  1  2  3  4  5  6  7  8  9 10 11 12 13 14 15 16 17 |
---------------+----------------------------------------------------+-----
Evocations     | 12 13 18 22 | 22.3
Fighting       | 4 10 12 15 19 23 | 23.4
Armour         | 5 12 13 17 | 17.1
Shields        | 9 11 14 | 14.6
Invocations    | 13 16 18 | 18.8
Maces & Flails | 5 12 16 | 16.0
Slings         | 11 20 26 | 26.7
Spellcasting   | 15 16 | 16.3
Dodging        | |  1.1
Stealth        | |  1.2

Action                   |  1- 3 |  4- 6 |  7- 9 | 10-12 | 13-15 | 16-18 || total
-------------------------+-------+-------+-------+-------+-------+-------++-------
Melee: Demon whip        |       |    11 |     5 |    44 |    19 |    12 ||    91
 Fire: Fustibalus        |       |       |       |       |    12 |    26 ||    38
Invok: Lesser Servant of |       |       |     3 |     2 |     6 |       ||    11
       Greater Servant o |       |       |       |    15 |    21 |     5 ||    41
       Major Destruction |       |       |       |     4 |    14 |       ||    18
       Minor Destruction |       |       |       |       |     1 |       ||     1
 Abil: Heal Wounds       |       |       |       |    10 |    38 |    10 ||    58
Evoke: Wand              |     2 |     4 |     7 |     3 |       |       ||    16
       Lightning rod     |       |     2 |     6 |       |     4 |       ||    12
       Tin of tremorston |       |       |       |     5 |    13 |    12 ||    30
       Condenser vane    |       |       |       |     6 |    11 |     3 ||    20
       Phial of floods   |       |       |       |     3 |     2 |     2 ||     7
       Box of beasts     |       |       |       |     1 |     1 |       ||     2
       Phantom mirror    |       |       |       |       |     1 |     1 ||     2
  Use: Potion            |       |       |       |    10 |     3 |     1 ||    14
       Scroll            |       |       |       |     7 |     5 |     3 ||    15
 Stab: Distracted        |       |       |       |       |     3 |       ||     3
Armor: Shadow dragon sca |       |     6 |       |       |       |       ||     6
       Gold dragon scale |       |       |     5 |    39 |   100 |   100 ||   244
Dodge: Dodged            |       |       |     1 |       |     4 |     1 ||     6
Block: Kite shield       |       |    15 |    15 |   110 |   183 |   111 ||   434
       Reflection        |       |       |       |     5 |       |       ||     5

Table legend: (Time is in decaauts)
 A = Elapsed time spent in this place.
 B = Non-inter-level travel time spent in this place.
 C = Inter-level travel time spent in this place.
 D = Time resting spent in this place.
 E = Time spent auto-exploring this place.
 F = Levels seen in this place.
 G = Mean time per level.
                   A        B        C        D        E       F      G
               +--------+--------+--------+--------+--------+-----+--------+
         Total |   4173 |   4173 |      0 |   2608 |     23 |   1 | 4173.0 |
       Dungeon |   4173 |   4173 |      0 |   2608 |     23 |   1 | 4173.0 |
               +--------+--------+--------+--------+--------+-----+--------+

Top non-repeatable levels by time:
       D: 4173 daAuts
